 Dungeon Crawl Stone Soup version 0.23.1-37-gaa34b87 (webtiles) character file.

Game seed: 2724245870885696342

170 myga the Conjurer (level 5, -7/28 HPs)
             Began as a Tengu Conjurer on Mar 21, 2019.
             Killed by divine providence
             ... invoked by an orc priest
              (14 damage)
             ... on level 3 of the Dungeon.
             The game lasted 00:11:01 (2279 turns).

myga the Conjurer (Tengu Conjurer)                  Turns: 2279, Time: 00:11:02

Health: -7/28      AC:  4    Str: 10    XL:     5   Next: 50%
Magic:  3/10       EV: 12    Int: 15    God:
Gold:   201        SH:  0    Dex: 14    Spells: 4/10 levels left

rFire    . . .     SeeInvis +     - Unarmed
rCold    + . .     Gourm    .   (no shield)
rNeg     . . .     Faith    .   h - +0 leather armour {rC+}
rPois    .         Spirit   .   (helmet restricted)
rElec    .         Reflect  .   j - +0 cloak
rCorr    .         Harm     .   (no gloves)
MR       .....                  (boots unavailable)
Stlth    +.........             n - amulet of inaccuracy (curse)
HPRegen  0.09/turn              b - ring of see invisible
MPRegen  0.12/turn              e - ring of attention (curse)

@: no status effects
A: beak, talons 3, able to fly
a: Fly


You were on level 3 of the Dungeon.
You were not hungry.

You visited 1 branch of the dungeon, and saw 3 of its levels.

You collected 201 gold pieces.

Inventory:

Missiles
 k - 3 exploding tomahawks (quivered)
Armour
 a - a +0 robe
 g - a +0 robe
 h - a +0 leather armour of cold resistance (worn)
 j - a +0 cloak (worn)
 q - a +0 robe
Jewellery
 b - a ring of see invisible (left hand)
 e - a cursed ring of attention (right hand)
 n - a cursed amulet of inaccuracy (around neck)
Scrolls
 f - a scroll of teleportation
 i - a scroll of immolation {unknown}
 o - 2 scrolls of remove curse {unknown}
 p - a scroll of magic mapping {unknown}
Potions
 l - a potion of agility {unknown}
 m - a potion of curing {unknown}
Comestibles
 c - 4 rations
 d - 5 chunks of flesh


   Skills:
 + Level 0.1 Armour
 + Level 2.5 Dodging
 + Level 2.6 Stealth
 + Level 1.2 Unarmed Combat
 + Level 3.0 Spellcasting
 + Level 7.2 Conjurations


You had 4 spell levels left.
You knew the following spells:

 Your Spells              Type           Power        Failure   Level  Hunger
a - Magic Dart            Conj           ###.         1%          1    #......
b - Searing Ray           Conj           ###...       2%          2    ##.....
c - Dazzling Spray        Conj/Hex       ##....       19%         3    ###....

Your spell library contained the following spells:

 Spells                   Type           Power        Failure   Level  Hunger
 Iskenderun's Mystic Bla  Conj           ###.....     14%         4    #####..
 Force Lance              Conj/Tloc      ##......     52%         4    #####..
 Fulminant Prism          Conj/Hex       ##........   52%         4    #####..


Dungeon Overview and Level Annotations

Branches:
Dungeon (3/15)

Altars:
Gozag
Zin


Innate Abilities, Weirdness & Mutations

You have a beak for a mouth.
You have claws for feet.
You can fly continuously.


Message History

Aiming: Magic Dart (safe; 1% risk of failure)
Press: ? - help, Shift-Dir - straight line, f - orc priest
Aim: an orc priest, wielding a +3 dagger and wearing a +0 chain mail (almost dead)
The magic dart hits the orc priest.
The orc priest is almost dead.
The orc priest mumbles some strange prayers to Beogh against you.
Beogh smites you!
Ouch! That really hurt!
* * * LOW HITPOINT WARNING * * *
Casting: Magic Dart (safe; 1% risk of failure)
Confirm with . or Enter, or press ? or * to list all spells.
Aiming: Magic Dart (safe; 1% risk of failure)
Press: ? - help, Shift-Dir - straight line, f/p - orc priest
Aim: an orc priest, wielding a +3 dagger and wearing a +0 chain mail (almost dead)
The magic dart hits the orc priest but does no damage.
The orc priest is almost dead.
The orc priest invokes the aid of Beogh against you.
Beogh smites you!
Ouch! That really hurt!
You die...

#.####### #.......##
#........##########
#.###....#.........
..##.#...#.########
###.##.....#
#.###...#.# #.#
#.....##########
#.####.#.......@o..#
##.##.###.########.#
##.##.#..# .#
#####....#.# ..
#........#.# .##
#.#####....# .# #.#
##.#.#####.# .# #.#
#.........##.#
#.######.#.........


You could see an orc priest.

Vanquished Creatures
  An orc wizard (D:3)
  Jessica (D:2)
  Terence (D:3)
  3 adders
  An ooze (D:1)
  A worm (D:3)
  2 dart slugs
  6 orcs (D:3)
  5 bats
  4 giant cockroaches
  3 goblins
  5 hobgoblins
  2 jackals (D:2)
  A kobold (D:3)
  A ball python (D:1)
  A ball python zombie (D:3)
  4 frilled lizards
  7 rats
49 creatures vanquished.

Notes
Turn   | Place    | Note
-------+----------+-------------------------------------------
     0 | D:1      | myga the Tengu Conjurer began the quest for the Orb.
     0 | D:1      | Reached XP level 1. HP: 10/10 MP: 4/4
     6 | D:1      | Noticed a salamander
     6 | D:1      | Noticed a crocodile
     6 | D:1      | Noticed a redback
     7 | D:1      | Noticed a six-headed hydra
     7 | D:1      | Noticed a hog
   234 | D:1      | Reached XP level 2. HP: 15/15 MP: 3/6
   304 | D:1      | Learned a level 2 spell: Searing Ray
   365 | D:1      | Reached skill level 6 in Conjurations
   802 | D:2      | Noticed Jessica
   813 | D:2      | Killed Jessica
   813 | D:2      | Reached XP level 3. HP: 4/19 MP: 1/7
  1265 | D:2      | Reached XP level 4. HP: 24/24 MP: 0/8
  1689 | D:2      | Learned a level 3 spell: Dazzling Spray
  1913 | D:3      | Reached skill level 1 in Unarmed Combat
  1916 | D:3      | Reached skill level 7 in Conjurations
  1916 | D:3      | Gained mutation: You can fly continuously. [Tengu growth]
  1916 | D:3      | Reached XP level 5. HP: 28/28 MP: 0/9
  2045 | D:3      | Noticed Terence
  2059 | D:3      | Killed Terence
  2103 | D:3      | Found a glowing silver altar of Zin.
  2104 | D:3      | Found an opulent altar of Gozag.
  2279 | D:3      | Killed from afar by an orc priest

Skill      XL: |  1  2  3  4  5 |
---------------+----------------+-----
Conjurations   | 6 7 |  7.2
Unarmed Combat | 1 |  1.2
Spellcasting   | 3 |  3.0
Armour         | |  0.1
Dodging        | |  2.5
Stealth        | |  2.6

Action                   |  1- 3 |  4- 6 || total
-------------------------+-------+-------++-------
Melee: Unarmed           |    21 |    49 ||    70
       Kick              |     3 |    10 ||    13
       Peck              |     1 |     7 ||     8
       Punch             |       |     1 ||     1
Throw: Tomahawk          |       |     1 ||     1
 Cast: Magic Dart        |    35 |    40 ||    75
       Searing Ray       |     3 |     7 ||    10
  Use: Scroll            |     2 |       ||     2
  Eat: Chunk             |     2 |     4 ||     6
Armor: Robe              |     7 |       ||     7
       Leather armour    |       |     6 ||     6
Dodge: Dodged            |    18 |    35 ||    53
